 Dungeon Crawl Stone Soup version 0.31-a0-844-gdc52ec4e09 (webtiles) character file.

Game seed: 10294075820844798068

61 Kurtz the Chopper (level 4, -5/31 HPs)
             Began as an Octopode Fighter on Oct 1, 2023.
             Slain by a gnoll
             ... wielding a +3 spear
              (7 damage)
             ... on level 2 of the Dungeon.
             The game lasted 00:00:52 (1506 turns).

Kurtz the Chopper (Octopode Fighter)                Turns: 1506, Time: 00:00:52

Health: -5/31      AC:  1    Str: 17    XL:     4   Next: 7%
Magic:  4/4        EV: 13    Int: 10    God:
Gold:   77         SH:  4    Dex: 11    Spells: 3/3 levels left

rFire   . . .        a - +0 war axe
rCold   . . .        b - +0 buckler
rNeg    . . .        (helmet restricted)
rPois   .            (no amulet)
rElec   .            (no ring)
rCorr   .            (no ring)
SInv    .            (no ring)
Will    .....        (no ring)
Stlth   ++           (no ring)
HPRegen 0.25/turn    (no ring)
MPRegen 0.09/turn    (no ring)
                     (no ring)

%: no passive effects
@: lethally poisoned (-5 -> -9)
A: almost no armour, amphibious, 8 rings, camouflage 1, gelatinous body 1,
(nimble swimmer 1), tentacles
a: no special abilities


You were on level 2 of the Dungeon.
You visited 1 branch of the dungeon, and saw 2 of its levels.

You collected 77 gold pieces.

Inventory:

Hand Weapons
 a - a +0 war axe (weapon)
Armour
 b - a +0 buckler (worn)
Jewellery
 g - a +4 ring of slaying
Scrolls
 e - a scroll of fear {unknown}
 f - a scroll of torment {unknown}
 i - a scroll of identify {unknown}
Potions
 c - a potion of might
 h - a potion of attraction {unknown}


   Skills:
 - Level 3.0 Fighting
 * Level 4.2 Axes
 - Level 3.0 Dodging
 - Level 3.0 Shields


You had 3 spell levels left.
You didn't know any spells.
Your spell library contained the following spells:

 Spells                   Type           Power      Damage    Failure   Level
 Dazzling Flash           Conj/Hex       0%         N/A       82%         3
 Volatile Blastmotes      Fire/Tloc      0%         2d10      82%         3
 Fulminant Prism          Conj/Hex       0%         3d5       99%         4
 Iskenderun's Mystic Bla  Conj/Tloc      0%         2d3       99%         4
 Starburst                Conj/Fire      0%         6d3       100%        6
 Maxwell's Capacitive Co  Air            0%         ∞         100%        8


Dungeon Overview and Level Annotations

Branches:
Dungeon (2/15)

Altars:


Innate Abilities, Weirdness & Mutations

You cannot wear most types of armour.
You are amphibious.
You can wear up to eight rings at the same time.
Your skin changes colour to match your surroundings (Stealth+).
Your rubbery body absorbs attacks. (AC +1, EV +1)
((You are camouflaged when in or above water. (Stealth+)))
You have tentacles for arms and can constrict up to eight enemies at once.


Message History

You are too injured to fight recklessly!
You are too injured to fight recklessly!
Unknown command.
You closely miss the adder. Your grab misses the adder.
You feel sick. The gnoll completely misses you. The adder bites you.
* * * LOW HITPOINT WARNING * * *
The gnoll closely misses you.
You hit the adder. Your grab misses the adder.
The adder is lightly wounded.
You feel sick. The adder bites you.
* * * LOW HITPOINT WARNING * * *
You are lethally poisoned!
The adder poisons you! The gnoll completely misses you. The adder bites you.
* * * LOW HITPOINT WARNING * * *
You feel much better.
You feel sick. The adder misses you.
The gnoll hits you from afar with a +3 spear.
The adder misses you.
You miss the adder. Your grab misses the adder. You squeeze the adder.
The adder is moderately wounded.
You feel sick.
The gnoll hits you from afar with a +3 spear.
The adder bites you.
You are more poisoned.
The adder poisons you! The gnoll barely misses you.
You closely miss the adder. Your grab misses the adder.
The adder is lightly wounded.
* * * LOW HITPOINT WARNING * * *
You feel very sick. The adder completely misses you.
The adder barely misses you. The gnoll closely misses you.
Unknown command.
* * * LOW HITPOINT WARNING * * *
You feel sick. You block the adder's attack. The gnoll closely misses you.
* * * LOW HITPOINT WARNING * * *
You feel sick. The adder completely misses you. The adder bites you.
* * * LOW HITPOINT WARNING * * *
* * * LOW HITPOINT WARNING * * *
You feel sick.
The gnoll hits you from afar with a +3 spear!
You die...

############.# )# #.# #
# ### ## #. #.# . ?
#[###.## .##.#
#.##.###.##)##.##†#.# #
#.#.#.#.#.#.#.#.#.#.#
..#..#..#..#).#..#†...#
#...#.)g#...#S..#...#.#
...#...†#.g.@#....#...#
.....#.....#.....#....#
#......#......#......#
....#.......#.......#.#
......................#
......................#
#######################


You could see a gnoll and an adder.

Vanquished Creatures
  3 adders (D:2)
  A worm (D:2)
  3 bats
  4 endoplasms
  4 giant cockroaches
  3 goblins
  3 kobolds
  2 quokkas (D:1)
  A ball python (D:1)
  4 frilled lizards (D:1)
  2 rats
30 creatures vanquished.

Notes
Turn   | Place    | Note
-------+----------+-------------------------------------------
     0 | D:1      | Kurtz the Octopode Fighter began the quest for the Orb.
     0 | D:1      | Reached XP level 1. HP: 16/16 MP: 1/1
   132 | D:1      | Reached XP level 2. HP: 21/21 MP: 2/2
   421 | D:1      | Reached skill level 3 in Axes
  1050 | D:2      | HP: 1/21 [worm (4)]
  1247 | D:2      | Reached XP level 3. HP: 9/26 MP: 3/3
  1438 | D:2      | Reached skill level 4 in Axes
  1444 | D:2      | Reached XP level 4. HP: 19/31 MP: 4/4
  1506 | D:2      | Slain by a gnoll

Illustrated notes

Levels and vault maps discovered:
D:1:      spicycebolla_green_bress_n_ham, layout_basic, roderic_roman_lattice,
          nicolae_the_louvre
D:2:      layout_basic, supply_closet_lemuel, minivault_25,
          minmay_increasing_density

Skill      XL: |  1  2  3 |
---------------+----------+-----
Axes           | 3 4 |  4.2
Fighting       | |  3.0
Dodging        | |  3.0
Shields        | |  3.0

Action                     |  1- 3 |  4- 6 || total
---------------------------+-------+-------++-------
  Melee: War axe           |    51 |    12 ||    63
         Constrict         |    11 |       ||    11
         Tentacles         |     9 |     2 ||    11
    Use: Potion            |       |     2 ||     2
   Stab: Sleeping          |     7 |       ||     7
 Armour: Skin              |    24 |    17 ||    41
  Dodge: Dodged            |    28 |    21 ||    49
  Block: Buckler           |     6 |     4 ||    10

Table legend: (Time is in decaauts)
 A = Elapsed time spent in this place.
 B = Non-inter-level travel time spent in this place.
 C = Inter-level travel time spent in this place.
 D = Time resting spent in this place.
 E = Time spent auto-exploring this place.
 F = Levels seen in this place.
 G = Mean time per level.
                   A        B        C        D        E       F      G
               +--------+--------+--------+--------+--------+-----+--------+
         Total |   1530 |   1527 |      3 |    277 |   1014 |   2 |  765.0 |
       Dungeon |   1530 |   1527 |      3 |    277 |   1014 |   2 |  765.0 |
               +--------+--------+--------+--------+--------+-----+--------+

Top non-repeatable levels by time:
     D:1: 1035 daAuts
     D:2: 494 daAuts
